 Dungeon Crawl Stone Soup version 0.28.0-49-g6dfe1f597d (webtiles) character file.

Game seed: 5673345800518227561

1024 NinjaNoafa the Chiller (level 8, 0/57 HPs)
             Began as a Black Draconian Ice Elementalist on May 19, 2022.
             Was an Initiate of Cheibriados.
             Killed by divine providence
             ... invoked by an orc priest
              (15 damage)
             ... on level 5 of the Dungeon.
             The game lasted 00:13:11 (5668 turns).

NinjaNoafa the Chiller (DrIE)                       Turns: 5668, Time: 00:13:12

Health: 0/57       AC:  8    Str: 12    XL:     8   Next: 2%
Magic:  12/13      EV: 12    Int: 18    God:    Cheibriados [......]
Gold:   201        SH:  6    Dex: 19    Spells: 10/17 levels left

rFire   . . .      SeeInvis .   f - +1 hand axe (freeze)
rCold   . . .      Faith    .   k - +0 buckler
rNeg    . . .      Spirit   .   (armour unavailable)
rPois   .          Reflect  .   (helmet restricted)
rElec   +          Harm     .   (no cloak)
rCorr   .          Rampage  .   j - +0 pair of gloves
Will    .....                   d - +0 pair of boots
Stlth   ++........              (no amulet)
HPRegen 0.19/turn               q - +6 ring of dexterity
MPRegen 0.13/turn               (no ring)

@: on berserk cooldown, slowed, very slow
A: breathe lightning, AC +6, unfitting armour, electricity resistance,
cold-blooded, beak, low MP 1, mutation resistance 1
a: Breathe Lightning, Renounce Religion


You were on level 5 of the Dungeon.
You worshipped Cheibriados.
Cheibriados was noncommittal.
You visited 2 branches of the dungeon, and saw 6 of its levels.

You collected 201 gold pieces.

Inventory:

Hand Weapons
 f - a +1 hand axe of freezing (weapon)
Missiles
 c - 216 stones
 e - 11 poisoned darts
 i - 3 boomerangs
 o - a curare-tipped dart
 p - 6 javelins
Armour
 d - a +0 pair of boots (worn)
 j - a +0 pair of gloves (worn)
 k - a +0 buckler (worn)
Magical Staves
 a - a staff of poison
 r - a staff of earth
Jewellery
 q - a +6 ring of dexterity (left hand)
Wands
 s - a wand of polymorph (6)
Scrolls
 b - 6 scrolls of amnesia
 l - 2 scrolls of fear
 m - 2 scrolls of teleportation
Potions
 g - a potion of degeneration


   Skills:
 - Level 1.7 Dodging
 - Level 1.7 Stealth
 - Level 5.0 Shields
 - Level 5.0 Spellcasting
 + Level 7.1 Ice Magic


You had 10 spell levels left.
You knew the following spells:

 Your Spells              Type           Power      Damage    Failure   Level
a - Freeze                Ice            100%       1d11      1%          1
b - Frozen Ramparts       Ice            60%        1d8       2%          3
c - Ozocubu's Armour      Ice            30%        N/A       2%          3

Your spell library contained the following spells:

 Spells                   Type           Power      Damage    Failure   Level
 Hailstorm                Conj/Ice       17%        3d6       36%         4


Dungeon Overview and Level Annotations

Branches:
Dungeon (5/15)             Temple (1/1) D:5

Altars:
Ashenzari
Cheibriados
Dithmenos
Elyvilon
Fedhas
Gozag
Kikubaaqudgha
Makhleb
Okawaru
Qazlal
Ru
Sif Muna
Wu Jian
Xom
The Shining One


Innate Abilities, Weirdness & Mutations

You can breathe wild blasts of lightning.
Your glossy black scales are hard. (AC +6)
You cannot fit into any form of body armour.
You are resistant to electric shocks. (rElec)
You are cold-blooded and may be slowed by cold attacks.
You have a beak for a mouth.
Your magical capacity is low. (-10% MP)
You are somewhat resistant to further mutation.


Message History

a +0 mace; a scroll of identify; an orc corpse You hit the orc.
You freeze the orc.
You kill the orc!
Cheibriados appreciates the change of pace.
Things that are here:
a +0 spear; 13 gold pieces; an orc corpse You feel a strong urge to attack something.
You are no longer berserk.
You are exhausted.
You feel yourself slow down.
There is an open door here.
The orc priest calls down the wrath of Beogh upon you.
Beogh smites you!
* * * LOW HITPOINT WARNING * * *
You barely miss the orc priest.
The orc priest looks braver for a moment.
The orc priest calls down the wrath of Beogh upon you.
Beogh smites you!
* * * LOW HITPOINT WARNING * * *
You feel better.
The orc priest hits you but does no damage.
The orc priest closely misses you.
Casting: Freeze (safe; 1% risk of failure)
Confirm with . or Enter, or press ? or * to list all spells.
You don't know that spell.
Casting: Freeze (safe; 1% risk of failure)
Confirm with . or Enter, or press ? or * to list all spells.
Aiming: Freeze (safe; 1% risk of failure)
Press: ? - help, Shift-Dir - straight line, f - orc priest
Aim: an orc priest, wielding a +0 club You freeze the orc priest!
The orc priest is heavily wounded.
The orc priest calls down the wrath of Beogh upon you.
Beogh smites you!
* * * LOW HITPOINT WARNING * * *
Okay, then.
You feel better.
The orc priest calls down the wrath of Beogh upon you.
Beogh smites you!
You die...

#..##.####..###...##.#
##.##
#...#.####..##.....##
###
.......#....#.......#
......#.....#.......#
#...........#.....).#
#...........##....)##
.............##..)##
..#..)........##'#######
................@.......
##........##....o.......
..........##............
.............<##'#######
.............##...#
....).......##.....#
...)).......#.......#
............#.......#
.......)#.#.#...[...#


You could see an orc priest.

Vanquished Creatures
  A black bear (D:4)
  A sky beast (D:4)
  An ogre (D:5)
  A kobold brigand (D:5)
  A scorpion (D:4)
  A wyvern skeleton (D:5)
  A bullfrog zombie (D:5)
  4 hounds
  An orc priest (D:5)
  Jessica (D:2)
  2 bullfrog skeletons
  A scorpion zombie (D:3)
  3 iguanas
  2 orc wizards (D:3)
  A hound skeleton (D:4)
  6 adders
  A worm (D:2)
  2 dart slugs
  13 orcs
  5 bats
  8 endoplasms
  2 giant cockroaches (D:2)
  7 goblins
  4 hobgoblins
  4 jackals (D:2)
  13 kobolds
  2 quokkas (D:2)
  6 ball pythons
  4 frilled lizards
  5 rats
104 creatures vanquished.

Notes
Turn   | Place    | Note
-------+----------+-------------------------------------------
     0 | D:1      | NinjaNoafa the Draconian Ice Elementalist began the quest
                  | for the Orb.
     0 | D:1      | Reached XP level 1. HP: 14/14 MP: 3/3
   402 | D:1      | Reached XP level 2. HP: 20/20 MP: 3/5
   440 | D:1      | Found a faded altar of an unknown god.
   988 | D:2      | Reached XP level 3. HP: 25/26 MP: 2/6
  1237 | D:2      | Noticed Jessica
  1242 | D:2      | Killed Jessica
  1243 | D:2      | Reached skill level 5 in Ice Magic
  1243 | D:2      | Reached XP level 4. HP: 29/33 MP: 3/8
  2426 | D:3      | Learned a level 3 spell: Frozen Ramparts
  2430 | D:3      | Learned a level 3 spell: Ozocubu's Armour
  2432 | D:3      | Reached XP level 5. HP: 30/38 MP: 2/9
  2633 | D:3      | Reached skill level 6 in Ice Magic
  3231 | D:4      | Reached skill level 1 in Shields
  3255 | D:4      | Reached XP level 6. HP: 30/45 MP: 3/11
  3368 | D:4      | Found an opulent altar of Gozag.
  3824 | D:4      | Found a white marble altar of Elyvilon.
  3916 | D:4      | Found a shimmering altar of Xom.
  3918 | D:4      | Found a shimmering altar of Xom.
  3919 | D:4      | Found a shimmering altar of Xom.
  3933 | D:4      | Noticed a sky beast
  3939 | D:4      | Killed a sky beast
  4047 | D:4      | Found a shimmering altar of Xom.
  4143 | D:4      | Found a burning altar of Makhleb.
  4191 | D:4      | Your scales start taking on a glossy black colour.
  4191 | D:4      | Reached XP level 7. HP: 50/50 MP: 3/12
  4191 | D:4      | Gained mutation: You are resistant to electric shocks.
                  | (rElec) [Black Draconian growth]
  4343 | D:5      | Entered Level 5 of the Dungeon
  4367 | D:5      | Gained mutation: Your magical capacity is low. (-10% MP)
                  | [potion of mutation]
  4367 | D:5      | Gained mutation: You are somewhat resistant to further
                  | mutation. [potion of mutation]
  4367 | D:5      | Gained mutation: You have a beak for a mouth. [potion of
                  | mutation]
  4370 | D:5      | Reached skill level 5 in Shields
  4649 | D:4      | Reached skill level 5 in Spellcasting
  4895 | D:5      | Found a snail-covered altar of Cheibriados.
  4902 | D:5      | Became a worshipper of Cheibriados the Contemplative
  5275 | D:5      | Found an ancient bone altar of Kikubaaqudgha.
  5379 | D:5      | Found a staircase to the Ecumenical Temple.
  5427 | Temple   | Entered the Ecumenical Temple
  5609 | D:5      | Reached skill level 7 in Ice Magic
  5660 | D:5      | Reached XP level 8. HP: 41/57 MP: 12/13
  5668 | D:5      | Killed from afar by an orc priest

Illustrated notes

Levels and vault maps discovered:
D:1:      psy_arrival_whirlpool, layout_loops_ring,
          dreamdust_ecumenical_altar_sealed_demon
D:2:      layout_basic, uniq_jessica
D:3:      layout_basic
D:4:      layout_cave_pools, xom_redecorated,
          nicolae_gozag_cash_rules_everything_around_me,
          mainiacjoe_overflow_24_doors, general_overflow_altar,
          kennysheep_minor_cross, grunt_ministairs_8
D:5:      kennysheep_six_static_rooms, layout_cave_pools,
          nicolae_kikubaaqudgha_miasma_corner, kennysheep_slug_shrine,
          minmay_temple_entry_mini_moons
Temple:   nicolae_temple_figure_zero

Skill      XL: |  1  2  3  4  5  6  7 |
---------------+----------------------+-----
Ice Magic      | 5 6 7 |  7.1
Spellcasting   | 3 5 |  5.0
Shields        | 2 4 5 |  5.0
Dodging        | |  1.7
Stealth        | |  1.7

Action                   |  1- 3 |  4- 6 |  7- 9 || total
-------------------------+-------+-------+-------++-------
Melee: Tailslap          |     3 |    12 |     4 ||    19
       Unarmed           |     1 |       |       ||     1
       Hand axe          |    15 |    43 |    22 ||    80
       Punch             |     1 |       |       ||     1
       Peck              |       |       |     7 ||     7
 Cast: Freeze            |    36 |    92 |    42 ||   170
       Frozen Ramparts   |       |     9 |     4 ||    13
       Ozocubu's Armour  |       |     3 |     1 ||     4
 Abil: Breathe Lightning |       |       |     5 ||     5
  Use: Scroll            |       |     7 |       ||     7
       Potion            |       |       |     6 ||     6
Armor: Skin              |    18 |    53 |    33 ||   104
Dodge: Dodged            |    54 |    82 |    55 ||   191
Block: Buckler           |       |    10 |    22 ||    32
